 Dungeon Crawl Stone Soup version 0.30.1-9-gdf580d7c3d (webtiles) character file.

Game seed: 7160637384396228087

1158 tkbsonic5 the Shooter (level 8, -4/54 HPs)
             Began as a Human Hunter on Oct 21, 2023.
             Was a Believer of Hepliaklqana.
             Slain by an orc warrior
             ... wielding a +0 glaive
              (9 damage)
             ... on level 6 of the Dungeon.
             The game lasted 00:17:14 (6157 turns).

tkbsonic5 the Shooter (Human Hunter)                Turns: 6157, Time: 00:17:14

Health: -4/54      AC:  3    Str: 11    XL:     8   Next: 66%
Magic:  0/10       EV: 12    Int: 11    God:    Hepliaklqana [**....]
Gold:   347        SH:  0    Dex: 18    Spells: 7/7 levels left

rFire   . . .        A - +1 dagger (speed)
rCold   . . .        (no shield)
rNeg    . . .        c - +0 leather armour
rPois   .            (no helmet)
rElec   .            (no cloak)
rCorr   .            (no gloves)
SInv    .            (no boots)
Will    .....        e - amulet of guardian spirit {Amigaran Pendent}
Stlth   ++           (no ring)
HPRegen 0.29/turn    (no ring)
MPRegen 0.12/turn

%: guardian spirit
@: on berserk cooldown, slowed, very slow
A: reduced essence
a: Renounce Religion, Recall Ancestor, Ancestor Identity


You were on level 6 of the Dungeon.
You worshipped Hepliaklqana.
Hepliaklqana was pleased with you.
You visited 1 branch of the dungeon, and saw 6 of its levels.

You collected 347 gold pieces.

Inventory:

Hand Weapons
 a - a +0 shortbow
 n - a +2 vampiric halberd
 x - a +1 short sword of venom
 y - a +0 spear of venom
 A - a +1 dagger of speed (weapon)
 C - a +0 short sword of flaming
 D - a +1 dire flail of protection
Missiles
 d - 3 boomerangs
 g - 13 poisoned darts
 i - a silver boomerang
Armour
 c - a +0 leather armour (worn)
 k - a +0 ring mail
Jewellery
 e - an amulet of guardian spirit (around neck) {Amigaran Pendent}
 h - a ring of positive energy
 j - an amulet of the acrobat
Wands
 t - a wand of flame (32) (quivered)
 u - a wand of roots (10)
 w - a wand of charming (6)
Scrolls
 b - 2 scrolls of immolation
 s - 4 scrolls of teleportation
 v - a scroll of fog
Potions
 f - 4 potions of mutation
 m - a potion of brilliance {unknown}
 o - 2 potions of resistance {unknown}
 p - 2 potions of berserk rage
 q - 2 potions of magic
 r - 2 potions of attraction {unknown}
 B - a potion of heal wounds {unknown}


   Skills:
 + Level 4.4 Fighting
 - Level 1.6 Short Blades
 * Level 0.8 Polearms
 * Level 7.3 Ranged Weapons
 - Level 2.2 Dodging
 - Level 3.6 Stealth
 * Level 3.2 Invocations
 + Level 3.1 Evocations


You had 7 spell levels left.
You didn't know any spells.
Your spell library contained the following spells:

 Spells                   Type           Power      Damage    Failure   Level
 Necrotise                Necr           0%         1d4       43%         1
 Dazzling Flash           Conj/Hex       0%         N/A       80%         3
 Vampiric Draining        Necr           0%         2d6       80%         3
 Volatile Blastmotes      Fire/Tloc      0%         2d10      80%         3
 Fulminant Prism          Conj/Hex       0%         3d5       99%         4
 Iskenderun's Mystic Bla  Conj/Tloc      0%         2d3       99%         4
 Agony                    Necr           0%         N/A       100%        5
 Lee's Rapid Deconstruct  Erth           0%         3d4*      100%        5
 Silence                  Hex/Air        0%         N/A       100%        5


Dungeon Overview and Level Annotations

Branches:
Dungeon (6/15)
 Temple: D:4-7

Altars:
Hepliaklqana
Sif Muna
Wu Jian


Message History

You barely miss the orc warrior.
The orc warrior is lightly wounded.
The orc warrior misses you.
The orc warrior hits you from afar with a +0 spear!
You barely miss the orc warrior.
The orc warrior is lightly wounded.
The orc warrior hits you with a +0 glaive!
The orc warrior closely misses you.
You closely miss the orc warrior.
The orc warrior is lightly wounded.
The orc warrior hits you with a +0 glaive!
The orc warrior hits you from afar with a +0 spear.
You hit the orc warrior.
The orc warrior is moderately wounded.
The orc warrior hits you with a +0 glaive.
The orc warrior closely misses you.
You feel the dreadful sensation subside.
Your hands tingle!
A - a +1 dagger of speed (weapon)
You closely miss the orc warrior.
The orc warrior is moderately wounded.
You are no longer berserk.
You are exhausted.
You feel yourself slow down.
You hit the orc warrior but do no damage.
You punch the orc warrior, but do no damage.
The orc warrior is moderately wounded.
The orc warrior hits you with a +0 glaive!
* * * LOW HITPOINT WARNING * * *
The orc warrior barely misses you.
As you read the scroll of fear, it crumbles to dust.
You assume a fearsome visage.
The orc priest looks frightened!
The orc looks frightened! x3; The orc warrior looks frightened! x2
Cornered, the orc priest turns to fight!
Cornered, the orc warrior turns to fight!
Cornered, the orc turns to fight!
Cornered, the orc warrior turns to fight!
The orc warrior attacks as you move away!
The orc warrior hits you with a +0 glaive!
You die...

......................#
.#######.####.##.######
.#.............#.#
.#.#####.####..#.# .#.#
#.# ##..#.# .#.#
######8..#.# .#.#
8.....#...#.# ...##
.##..#...#.#
....#..8#..#...#@#
.##.#..##..#...#o#
....#....#.#...#o#
###.#....#oo...#o#
)...#_.8o#.)o..#o#
###.#[..o#.'ooooo#
#.#)...#.#..#### #.#
.##..#..# #.#..8#..#..#


You could see 2 orc warriors, an orc priest and 3 orcs.

Vanquished Creatures
  Edmund (D:6)
  An ice beast (D:6)
  An ogre (D:5)
  A phantom (D:6)
  2 scorpions
  A howler monkey (D:5)
  A hound (D:5)
  3 orc priests (D:5)
  An iguana (D:5)
  2 gnoll boudas
  3 orc wizards
  12 gnolls
  5 adders
  An ufetubus (D:6)
  2 worms
  A dart slug (D:3)
  19 orcs
  4 ball pythons
  4 endoplasms (D:4)
  6 giant cockroaches
  10 goblins
  6 hobgoblins
  4 jackals
  7 kobolds
  4 quokkas
  3 bats
  A frilled lizard (D:3)
  5 rats
111 creatures vanquished.

Vanquished Creatures (collateral kills)
  An orc priest (D:6)
  A sleepcap (D:6)
  A gnoll (D:5)
  An adder (D:6)
  The ghost of Nedac819 the Sneak, a weakling KoDe (D:6)
  5 orcs (D:6)
10 creatures vanquished.

Vanquished Creatures (others)
  2 ancestors
  A battlemage (D:6)
3 creatures vanquished.

Grand Total: 124 creatures vanquished

Notes
Turn   | Place    | Note
-------+----------+-------------------------------------------
     0 | D:1      | tkbsonic5 the Human Hunter began the quest for the Orb.
     0 | D:1      | Reached XP level 1. HP: 16/16 MP: 1/1
   151 | D:1      | Reached XP level 2. HP: 22/22 MP: 2/2
   874 | D:2      | Reached XP level 3. HP: 27/27 MP: 3/3
  1852 | D:3      | Noticed a scorpion
  1932 | D:3      | Reached XP level 4. HP: 34/34 MP: 4/4
  2137 | D:3      | Killed a scorpion
  2138 | D:3      | Reached skill level 5 in Ranged Weapons
  2138 | D:3      | Reached XP level 5. HP: 40/40 MP: 5/5
  2816 | D:4      | Reached XP level 6. HP: 47/47 MP: 6/6
  3283 | D:4      | Found a hazy altar of Hepliaklqana.
  3402 | D:4      | Became a worshipper of Hepliaklqana the Forgotten
  3434 | D:5      | Entered Level 5 of the Dungeon
  3455 | D:5      | Reached skill level 6 in Ranged Weapons
  3474 | D:5      | Reached XP level 7. HP: 9/52 MP: 2/7
  3486 | D:5      | Reached skill level 1 in Short Blades
  3848 | D:5      | Reached skill level 1 in Evocations
  4291 | D:5      | Reached * piety under Hepliaklqana
  4407 | D:5      | Reached skill level 1 in Invocations
  4573 | D:5      | Reached XP level 8. HP: 42/54 MP: 5/8
  4955 | D:6      | Found a shimmering blue altar of Sif Muna.
  4959 | D:6      | Noticed Edmund
  4990 | D:6      | Your ally Edmund died
  5092 | D:6      | Reached skill level 7 in Ranged Weapons
  5251 | D:6      | Found a runed translucent gate.
  5251 | D:6      | Noticed Nedac819's ghost (weakling KoDe)
  5443 | D:6      | Identified the +9 mace of Corporal Punishment {holy, Str+5}
  5781 | D:6      | Reached ** piety under Hepliaklqana
  5782 | D:6      | Remembered your ancestor Amelia as a battlemage
  5834 | D:6      | Found an ornate altar of the Wu Jian Council.
  6115 | D:6      | Found a runed translucent gate.
  6116 | D:6      | Found a runed translucent gate.
  6136 | D:6      | Killed Nedac819's ghost
  6157 | D:6      | Slain by an orc warrior

Illustrated notes

Levels and vault maps discovered:
D:1:      giann_wishing_wells, layout_loops_cross, serial_bayou,
          serial_bayou_lake_a, serial_bayou_pond_c, serial_bayou_shore_b,
          serial_bayou_pond_e
D:2:      layout_basic, grunt_ministairs_14
D:3:      layout_rooms, minmay_misc_feat_columns, kennysheep_cluttered_room
D:4:      layout_basic, nzn_hepliaklqana_mist_gate,
          chequers_serial_rivers_marsh, grunt_tough_drop
D:5:      layout_loops_corners
D:6:      layout_basic, mainiacjoe_overflow_cross_hatched,
          mainiacjoe_overflow_six_doors_small, biasface_ghost_orc_armoury,
          uniq_edmund

Skill      XL: |  1  2  3  4  5  6  7  8 |
---------------+-------------------------+-----
Stealth        | 2 3 |  3.6
Ranged Weapons | 5 6 7 |  7.3
Fighting       | 3 4 |  4.4
Short Blades   | 1 |  1.6
Evocations     | 2 3 |  3.1
Invocations    | 1 3 |  3.2
Polearms       | |  0.8
Dodging        | |  2.2

Action                     |  1- 3 |  4- 6 |  7- 9 || total
---------------------------+-------+-------+-------++-------
  Melee: Dagger            |       |     7 |     7 ||    14
         Short sword       |       |       |    18 ||    18
         Halberd           |       |       |     9 ||     9
         Punch             |       |       |     2 ||     2
   Fire: Shortbow          |    86 |   141 |   129 ||   356
 Invoke: Ancestor Life: Ba |       |       |     1 ||     1
         Ancestor Identity |       |       |     1 ||     1
  Evoke: Wand              |       |       |    19 ||    19
    Use: Scroll            |     1 |     6 |     6 ||    13
         Potion            |       |     5 |     2 ||     7
   Stab: Distracted        |       |       |     1 ||     1
 Armour: Leather armour    |     4 |     9 |     9 ||    22
  Dodge: Dodged            |    22 |    41 |    25 ||    88
